 Dungeon Crawl Stone Soup version 0.28-a0-268-g3f656e82c2 (webtiles) character file.

Game seed: 9766922327287881290

9575 fly the Party-goer (level 11, -7/79 HPs)
             Began as a Formicid Delver on Aug 27, 2021.
             Was a Follower of Uskayaw.
             Mangled by a skeletal warrior (24 damage)
             ... led by a skeletal warrior
             ... on level 10 of the Dungeon on Aug 28, 2021.
             The game lasted 00:43:13 (18336 turns).

fly the Party-goer (Formicid Delver)               Turns: 18336, Time: 00:43:14

Health: -7/79      AC: 11    Str: 17    XL:     11   Next: 76%
Magic:  17/17      EV: 18    Int: 12    God:    Uskayaw [*.....]
Gold:   706        SH: 11    Dex: 13    Spells: 16/16 levels left

rFire   . . .      SeeInvis +   b - +1 dagger (venom)
rCold   . . .      Faith    .   v - +0 buckler
rNeg    . . .      Spirit   .   y - +2 leather armour {rPois}
rPois   +          Reflect  +   (helmet unavailable)
rElec   .          Harm     .   (no cloak)
rCorr   .          Rampage  .   r - +0 pair of gloves
Will    +....                   (no boots)
Stlth   +++.......              q - amulet of reflection
HPRegen 0.23/turn               w - +4 ring of evasion
MPRegen 0.15/turn               D - +4 ring of protection

@: no status effects
A: permanent stasis, dig shafts and tunnels, antennae 3, four strong arms
a: Dig, Shaft Self, Renounce Religion, Stomp


You were on level 10 of the Dungeon.
You worshipped Uskayaw.
Uskayaw was aware of your devotion.
You visited 2 branches of the dungeon, and saw 13 of its levels.

You collected 706 gold pieces.

Inventory:

Hand Weapons
 a - a +1 dire flail of protection
 b - a +1 dagger of venom (weapon)
 c - a +6 halberd
 d - a +7 dire flail
Missiles
 l - 3 throwing nets
 F - 26 poisoned darts (quivered)
 I - a curare-tipped dart
Armour
 r - a +0 pair of gloves (worn)
 v - a +0 buckler (worn)
 y - a +2 leather armour of poison resistance (worn)
Magical Staves
 P - a staff of earth
Jewellery
 q - an amulet of reflection (around neck)
 w - a +4 ring of evasion (left hand)
 z - a ring of positive energy
 B - a ring of poison resistance
 D - a +4 ring of protection (right hand)
 R - a +6 ring of strength
 S - an amulet of regeneration
Wands
 f - a wand of digging (3)
 t - a wand of mindburst (8)
 u - a wand of acid (3)
 A - a wand of iceblast (14)
 M - a wand of polymorph (6)
Scrolls
 e - 2 scrolls of fear
 g - a scroll of magic mapping
 h - a scroll of brand weapon
 p - 2 scrolls of torment
 s - 3 scrolls of amnesia
 H - 4 scrolls of fog
 J - a scroll of holy word
 N - a scroll of enchant weapon
 O - a scroll of acquirement {unknown}
Potions
 i - a potion of lignification
 j - 2 potions of curing
 k - 6 potions of heal wounds
 m - 4 potions of attraction
 n - 4 potions of brilliance
 o - 3 potions of magic {unknown}
 x - 2 potions of mutation {unknown}
 C - a potion of invisibility {unknown}
 E - a potion of ambrosia {unknown}
 G - a potion of haste {unknown}
 K - a potion of degeneration {unknown}
 L - a potion of flight {unknown}
 Q - 2 potions of resistance


   Skills:
 - Level 5.0 Fighting
 - Level 2.0(4.5) Polearms
 + Level 6.5(6.7) Staves
 + Level 7.1 Armour
 + Level 5.7 Dodging
 - Level 6.0 Stealth
 + Level 7.1 Shields
 - Level 3.0 Spellcasting
 + Level 7.6 Earth Magic
 + Level 8.0 Invocations
 + Level 7.1 Evocations


You had 16 spell levels left.
You didn't know any spells.
Your spell library contained the following spells:

 Spells                   Type           Power      Damage    Failure   Level
 Conjure Flame            Conj/Fire      1%         6-21      63%         3
 Ignite Poison            Fire/Tmut/Pois 1%         N/A       63%         3
 Mephitic Cloud           Conj/Pois/Air  1%         N/A       63%         3
 Sticky Flame             Conj/Fire      1%         2d3       95%         4
 Bolt of Magma            Conj/Fire/Erth 3%         4d5       95%         5
 Fireball                 Conj/Fire      0%         3d3       100%        5
 Iskenderun's Battlesphe  Conj           1%         2d6       100%        5
 Conjure Ball Lightning   Conj/Air       0%         3x3d6     100%        6
 Orb of Destruction       Conj           0%         N/A       100%        7


Dungeon Overview and Level Annotations

Branches:
Dungeon (12/15)            Temple (1/1) D:4            Lair (0/6) D:8
    Orc: D:9-12

Altars:
Ashenzari
Cheibriados
Dithmenos
Elyvilon
Fedhas
Gozag
Hepliaklqana
Kikubaaqudgha
Makhleb
Nemelex Xobeh
Okawaru
Qazlal
Ru
Sif Muna
Trog
Uskayaw
Vehumet
Wu Jian
Xom
Yredelemnul
Zin
The Shining One

Annotations:
D:6 1 runed translucent door, Mandevil's ghost, novice BaAM


Innate Abilities, Weirdness & Mutations

You cannot be hasted, slowed, berserked, paralysed or teleported.
You can dig through walls and to a lower floor.
You have a pair of large antennae on your head. (SInv)
Your four strong arms can wield two-handed weapons with a shield.


Message History

You throw a poisoned dart.
The poisoned dart hits the two-headed ogre.
The two-headed ogre looks even sicker.
The two-headed ogre is lightly wounded.
Throw: 28 darts (poison)
Press: ? - help, Q - select action, (/) - cycle Shift-Dir - straight line, f/p - two-headed ogre
Aim: a two-headed ogre, wielding a +0 giant club and a +0 dire flail (lightly wounded, very poisoned, 74% to hit)
You throw a poisoned dart.
The poisoned dart hits the two-headed ogre.
The two-headed ogre is lightly wounded.
Throw: 27 darts (poison)
Press: ? - help, Q - select action, (/) - cycle Shift-Dir - straight line, f/p - two-headed ogre
Aim: a two-headed ogre, wielding a +0 giant club and a +0 dire flail (lightly wounded, very poisoned, 74% to hit)
You throw a poisoned dart.
The poisoned dart hits the two-headed ogre.
The two-headed ogre is lightly wounded.
You hit the two-headed ogre but do no damage.
The two-headed ogre is lightly wounded.
The two-headed ogre barely misses you. x2
You barely miss the two-headed ogre.
The two-headed ogre is lightly wounded.
You hit the two-headed ogre.
The two-headed ogre looks even sicker.
The two-headed ogre is lightly wounded.
You block the two-headed ogre's attack.
The two-headed ogre hits you with a +0 dire flail!
You hit the two-headed ogre but do no damage.
The two-headed ogre is lightly wounded.
You block the two-headed ogre's attack.
The two-headed ogre hits you with a +0 dire flail!
There is a stone staircase leading up, spattered with blood here.
The two-headed ogre completely misses you.
The two-headed ogre hits you with a +0 dire flail!
You climb upwards.
There is a stone staircase leading down here.
There is a stone staircase leading up here.
You climb upwards.
The skeletal warrior hits you with a +0 long sword!!
* * * LOW HITPOINT WARNING * * *
The skeletal warrior hits you with a +0 long sword!!
You die...

#.####### ##### #.#.(...#
## #.#.###.# #. #.#.# #.#
#. ######.#.###.### #.
####...##.#.#..(..# #.
#....#.##.#.#.#.#.# #.
#....#....).....#.# ### #.
#..#####.....@z.#.# ##.##
#.
#....#..........#.####.#.##
##
#.##.#.##.#######.......#.#
#.##...##.# ######...##
####.#######.# ##.##
..........##'## #.# ##
.##..#.##.#...## #.# #.
.##..#.##......## ### #.#
#. .#.....##?......##
##.###.# #.


You could see a skeletal warrior.

Vanquished Creatures
  A hydra (D:11)
  3 two-headed ogres
  A cyclops (D:11)
  A troll (D:10)
  Prince Ribbit (D:9)
  Grinder (D:4)
  Sigmund (D:6)
  A wraith (D:12)
  3 yaks (D:8)
  A shadow (D:10)
  Menkaure (D:6)
  An acid dragon (D:11)
  3 water moccasins
  7 orc warriors
  A sky beast (D:6)
  An ice beast (D:6)
  2 black bears
  3 necrophages
  An ogre (D:6)
  3 centaurs
  2 phantoms
  3 kobold brigands
  2 bullfrogs
  A scorpion (D:7)
  11 killer bees
  9 wights
  5 howler monkeys
  6 centaur zombies
  3 hounds
  3 orc priests
  2 jellies
  2 bullfrog skeletons (D:5)
  2 centaur skeletons
  2 iguanas
  2 orc wizards
  Robin (D:4)
  4 gnolls
  A howler monkey skeleton (D:6)
  4 adders
  An ufetubus (D:5)
  6 worms
  A dart slug (D:4)
  23 orcs
  11 ball pythons
  3 endoplasms
  2 giant cockroaches
  15 goblins
  10 hobgoblins
  2 jackals (D:2)
  3 quokkas
  2 bats (D:1)
  A frilled lizard (D:1)
  36 kobolds
  5 rats
223 creatures vanquished.

Vanquished Creatures (others)
  2 fungi (D:8)
  17 plants
19 creatures vanquished.

Grand Total: 242 creatures vanquished

Notes
Turn   | Place    | Note
-------+----------+-------------------------------------------
     0 | D:5      | fly the Formicid Delver began the quest for the Orb.
     0 | D:5      | Reached XP level 1. HP: 18/18 MP: 1/1
   117 | D:5      | Reached skill level 1 in Staves
   117 | D:5      | Reached skill level 1 in Armour
   117 | D:5      | Reached skill level 1 in Invocations
   117 | D:5      | Reached skill level 1 in Evocations
   117 | D:5      | Reached XP level 2. HP: 4/24 MP: 2/2
   117 | D:5      | Reached XP level 3. HP: 4/29 MP: 3/3
   412 | D:5      | Noticed a black bear
   446 | D:5      | Noticed a phantom
   884 | D:5      | Noticed a necrophage
  1032 | D:5      | Reached XP level 4. HP: 29/37 MP: 3/5
  1234 | D:4      | Noticed a black bear
  1253 | D:4      | Noticed Grinder
  1879 | D:4      | Reached skill level 2 in Invocations
  1879 | D:4      | Reached XP level 5. HP: 8/42 MP: 6/6
  1893 | D:4      | Found a staircase to the Ecumenical Temple.
  3294 | D:2      | Reached skill level 1 in Earth Magic
  3298 | D:2      | Found a faded altar of an unknown god.
  4144 | D:3      | Reached XP level 6. HP: 48/48 MP: 7/7
  4566 | D:4      | Killed a black bear
  4567 | D:4      | Noticed a necrophage
  4585 | D:4      | HP: 1/49 [acid (7)]
  4920 | D:3      | Killed a necrophage
  4921 | D:3      | Reached skill level 3 in Invocations
  4921 | D:3      | Reached XP level 7. HP: 20/53 MP: 9/9
  5285 | D:4      | Noticed Robin
  5512 | D:4      | Killed Robin
  5832 | Temple   | Entered the Ecumenical Temple
  5843 | Temple   | Became a worshipper of Uskayaw the Reveller
  5980 | D:4      | Reached * piety under Uskayaw
  6111 | D:4      | Found a stormy altar of Qazlal.
  6124 | D:4      | Noticed a fire elemental
  6125 | D:4      | Noticed a water elemental
  6125 | D:4      | Noticed an air elemental
  6246 | D:4      | Reached ** piety under Uskayaw
  6414 | D:5      | Reached skill level 1 in Shields
  7396 | D:5      | Reached skill level 1 in Spellcasting
  7520 | D:6      | Found a runed translucent door.
  7520 | D:6      | Noticed a boulder beetle
  7520 | D:6      | Noticed Mandevil's ghost (novice BaAM)
  7535 | D:6      | Reached XP level 8. HP: 45/61 MP: 10/10
  7750 | D:6      | Found an opulent altar of Gozag.
  7753 | D:6      | Reached skill level 5 in Fighting
  7769 | D:6      | Found a shimmering blue altar of Sif Muna.
  7771 | D:6      | Found a hazy altar of Hepliaklqana.
  7999 | D:5      | Reached skill level 4 in Invocations
  9012 | D:6      | Noticed Menkaure
  9024 | D:6      | Killed Menkaure
  9025 | D:6      | Reached XP level 9. HP: 36/68 MP: 12/12
  9583 | D:6      | Noticed Sigmund
  9601 | D:6      | Killed Sigmund
  9756 | D:6      | Found a bloodstained altar of Trog.
  9758 | D:6      | Found an ornate altar of the Wu Jian Council.
 10081 | D:4      | Reached *** piety under Uskayaw
 10082 | D:4      | Killed Grinder
 10083 | D:4      | Reached skill level 5 in Invocations
 10684 | D:7      | Found a glowing silver altar of Zin.
 11411 | D:7      | Reached skill level 5 in Earth Magic
 11796 | D:8      | Reached skill level 5 in Evocations
 11817 | D:8      | Reached **** piety under Uskayaw
 11819 | D:8      | Reached XP level 10. HP: 53/74 MP: 14/14
 11824 | D:8      | Reached skill level 5 in Armour
 11828 | D:8      | Reached ***** piety under Uskayaw
 12486 | D:8      | Found a staircase to the Lair.
 12497 | D:8      | Noticed a two-headed ogre
 12558 | D:8      | Killed a two-headed ogre
 12559 | D:8      | Reached skill level 5 in Staves
 12559 | D:8      | Reached skill level 5 in Shields
 12559 | D:8      | Reached skill level 6 in Invocations
 13382 | D:8      | Found an iron altar of Okawaru.
 14118 | D:9      | Noticed Prince Ribbit
 14134 | D:9      | Killed Prince Ribbit
 14269 | D:9      | Noticed a two-headed ogre
 14355 | D:9      | Killed a two-headed ogre
 14902 | D:9      | Reached skill level 7 in Invocations
 14976 | D:9      | Reached XP level 11. HP: 50/79 MP: 16/16
 15360 | D:10     | Entered Level 10 of the Dungeon
 15448 | D:10     | Reached skill level 5 in Dodging
 15742 | D:10     | Found a sacrificial altar of Ru.
 16519 | D:11     | Noticed a seven-headed hydra
 16679 | D:11     | Noticed a skeletal warrior
 16724 | D:11     | Noticed a two-headed ogre
 17545 | D:11     | Killed a two-headed ogre
 17633 | D:11     | Killed a seven-headed hydra
 17808 | D:11     | Noticed a skeletal warrior
 17860 | D:11     | Noticed a skeletal warrior
 17911 | D:12     | Noticed a manticore
 17928 | D:12     | Noticed a two-headed ogre
 17961 | D:12     | Noticed a cyclops
 18058 | D:11     | Killed a cyclops
 18059 | D:11     | Reached skill level 8 in Invocations
 18336 | D:10     | Mangled by a skeletal warrior

Illustrated notes

Levels and vault maps discovered:
D:1:      psy_arrival_terrarium, layout_basic, minmay_surrounded
D:2:      layout_basic, chequers_ecumenical_altar_simple_redux,
          cheibrodos_gnoll_hut
D:3:      layout_basic, amcnicky_mini_corridor_feature
D:4:      layout_loops_ring, nicolae_qazlal_style_of_elements,
          minmay_temple_entry_statues_pillars, cheibrodos_sewer_entry_bend,
          uniq_robin, uniq_grinder
D:5:      layout_basic
D:6:      layout_basic, nicolae_overflow_hidden_temple,
          ebering_ghost_inner_flame, uniq_sigmund, uniq_menkaure
D:7:      layout_cave_pools, zin_academy, serial_rivers,
          chequers_serial_rivers_micro_e, chequers_serial_rivers_room_a,
          chequers_serial_rivers_micro_e, chequers_serial_rivers_large_b,
          chequers_serial_rivers_micro_a, chequers_serial_rivers_small_a,
          minivault_26, kennysheep_small_circle
D:8:      layout_basic, okawaru_trees_2, dpeg_oklobed_lair, chequers_garden
D:9:      kennysheep_kobold_camp, layout_cross, uniq_prince_ribbit1
D:10:     layout_loops_corners, marbit_many_paths
D:11:     layout_rooms
D:12:     minmay_chopped_fan, layout_irregular_city
Temple:   cyrus_circular_temple

Skill      XL: |  1  2  3  4  5  6  7  8  9 10 11 |
---------------+----------------------------------+-----
Staves         | 1 2 3 4 5 6 |  6.5
Armour         | 1 2 3 4 6 7 |  7.1
Invocations    | 1 2 3 4 5 7 8 |  8.0
Evocations     | 1 2 3 5 6 7 |  7.1
Fighting       | 4 5 |  5.0
Earth Magic    | 1 2 3 4 5 6 7 |  7.6
Dodging        | 2 3 4 5 |  5.7
Shields        | 1 3 4 5 7 |  7.1
Spellcasting   | 1 2 3 |  3.0
Polearms       | |  2.0
Stealth        | |  6.0

Action                   |  1- 3 |  4- 6 |  7- 9 | 10-12 || total
-------------------------+-------+-------+-------+-------++-------
Melee: Spear             |    29 |   276 |    79 |       ||   384
       Staff             |       |    77 |   303 |   133 ||   513
       Dagger            |       |       |   121 |   178 ||   299
       Halberd           |       |       |       |    72 ||    72
       Dire flail        |       |       |       |    58 ||    58
Throw: Dart              |       |     6 |    14 |    13 ||    33
 Abil: Dig               |       |     2 |       |       ||     2
Evoke: Wand              |       |       |    18 |    14 ||    32
  Use: Scroll            |       |     6 |     3 |     4 ||    13
       Potion            |       |       |     1 |       ||     1
 Stab: Sleeping          |       |    15 |     4 |     6 ||    25
       Paralysed         |       |       |     3 |     6 ||     9
Armor: Leather armour    |     9 |   105 |    99 |   109 ||   322
Dodge: Dodged            |    24 |   129 |   264 |   277 ||   694
Block: Other             |       |    27 |   117 |       ||   144
       Buckler           |       |       |    40 |   222 ||   262
       Reflection        |       |       |     1 |     5 ||     6

Table legend: (Time is in decaauts)
 A = Elapsed time spent in this place.
 B = Non-inter-level travel time spent in this place.
 C = Inter-level travel time spent in this place.
 D = Time resting spent in this place.
 E = Time spent auto-exploring this place.
 F = Levels seen in this place.
 G = Mean time per level.
                   A        B        C        D        E       F      G
               +--------+--------+--------+--------+--------+-----+--------+
         Total |  18409 |  17650 |    759 |   2268 |   9644 |  13 | 1416.1 |
       Dungeon |  18353 |  17604 |    749 |   2268 |   9609 |  12 | 1529.4 |
        Temple |     56 |     47 |      9 |      0 |     35 |   1 |   56.0 |
               +--------+--------+--------+--------+--------+-----+--------+

Top non-repeatable levels by time:
     D:5: 3049 daAuts
     D:3: 1976 daAuts
     D:6: 1967 daAuts
     D:8: 1859 daAuts
     D:7: 1802 daAuts
     D:4: 1753 daAuts
     D:9: 1613 daAuts
    D:10: 1326 daAuts
    D:11: 1166 daAuts
     D:1: 919 daAuts
     D:2: 853 daAuts
    D:12: 66 daAuts
  Temple: 56 daAuts
